 Dungeon Crawl Stone Soup version 0.27.0-1-g7a089689b8 (webtiles) character file.

Game seed: 2191078758399222457

79 Delamore the Sneak (level 4, -1/30 HPs)
             Began as an Octopode Brigand on Aug 7, 2021.
             Slain by an orc (2 damage)
             ... on level 2 of the Dungeon.
             The game lasted 00:01:30 (2095 turns).

Delamore the Sneak (Octopode Brigand)               Turns: 2095, Time: 00:01:31

Health: -1/30      AC:  1    Str: 10    XL:     4   Next: 38%
Magic:  4/4        EV: 13    Int: 13    God:
Gold:   89         SH:  0    Dex: 14    Spells: 3/3 levels left

rFire    . . .     SeeInvis .   a - +2 dagger
rCold    . . .     Faith    .   (no shield)
rNeg     . . .     Spirit   .   (helmet restricted)
rPois    +         Reflect  .   (no amulet)
rElec    .         Harm     .   h - ring of resist corrosion
rCorr    +         Rampage  .   g - ring of poison resistance
Will     .....                  (no ring)
Stlth    ++++......             (no ring)
HPRegen  0.10/turn              (no ring)
MPRegen  0.09/turn              (no ring)
                                (no ring)
                                (no ring)

@: no status effects
A: almost no armour, amphibious, 8 rings, camouflage 1, gelatinous body 1,
(nimble swimmer 1), tentacles
a: no special abilities


You were on level 2 of the Dungeon.
You visited 1 branch of the dungeon, and saw 3 of its levels.

You collected 89 gold pieces.

Inventory:

Hand Weapons
 a - a +2 dagger (weapon)
Missiles
 b - 13 poisoned darts (quivered)
 c - 2 curare-tipped darts
 f - 5 atropa-tipped darts
Jewellery
 g - a ring of poison resistance (right tentacle)
 h - a ring of resist corrosion (left tentacle)
Scrolls
 d - a scroll of teleportation
Potions
 e - a potion of flight {unknown}


   Skills:
 + Level 2.6 Fighting
 * Level 3.9 Short Blades
 - Level 2.0 Throwing
 + Level 1.4 Dodging
 - Level 5.3 Stealth


You had 3 spell levels left.
You didn't know any spells.
Your spell library was empty.

Dungeon Overview and Level Annotations

Branches:
Dungeon (3/15)

Altars:


Innate Abilities, Weirdness & Mutations

You cannot wear most types of armour.
You are amphibious.
You can wear up to eight rings at the same time.
Your skin changes colour to match your surroundings (Stealth+).
Your rubbery body absorbs attacks. (AC +1, EV +1)
((You are camouflaged near water. (Stealth+)))
You have tentacles for arms and can constrict up to eight enemies at once.


Message History

The orc wizard casts a spell.
The orc wizard flickers and vanishes!
Deactivating autopickup; reactivate with Ctrl-A.
You hit the orc but do no damage.
The orc is lightly wounded.
You constrict the orc, but do no damage.
The orc hits you with a +0 mace. The orc completely misses you.
You hit the orc but do no damage.
The orc is lightly wounded.
You constrict the orc. The orc hits you with a +0 mace!
The orc closely misses you.
You are too injured to fight recklessly!
You are too injured to fight recklessly!
You are too injured to fight recklessly!
You are too injured to fight recklessly!
You are too injured to fight recklessly!
You are too injured to fight recklessly!
You are too injured to fight recklessly!
You are too injured to fight recklessly!
You are too injured to fight recklessly!
You release your grip on the orc.
Something hits you. The orc barely misses you.
The orc hits you with a +1 whip of venom.
* * * LOW HITPOINT WARNING * * *
You climb upwards.
Reactivating autopickup.
There is a stone staircase leading down here.
You feel better. The orc hits you with a +0 mace. The orc closely misses you.
You barely miss the orc. Your grab misses the orc. You squeeze the orc!
You kill the orc!
The orc hits you with a +0 mace!
* * * LOW HITPOINT WARNING * * *
You hit the orc but do no damage. You grab the orc.
The orc is moderately wounded.
You constrict the orc, but do no damage.
Something hits you.
* * * LOW HITPOINT WARNING * * *
Deactivating autopickup; reactivate with Ctrl-A.
The orc hits you with a +0 mace.
You die...

.# #.......#.##.# ####)##
.# #####.####.##.#####...#
.#
####.............#........
.#
#...........<..###.###...#
.# #.#..#######...# #.#
##.## .# #.#..# ##### #.#
#..# .#######.#..#
#.###..##
............##########
#........
.##########....o@)...#
#####..## .# ##########.#
#..# .################ #.#
#..# .##.....(.......# #.#
#..# .)..###########.# #.#
#..# ##### #(# #.# #..# #
#.# #.###### #..# # #.#
#......# #..# # #.#
######.####.#


You could see an orc.

Vanquished Creatures
  3 adders (D:2)
  A worm (D:2)
  2 dart slugs (D:1)
  2 orcs
  3 endoplasms
  2 giant cockroaches (D:1)
  3 hobgoblins
  4 jackals (D:2)
  7 ball pythons
  2 bats (D:1)
  3 frilled lizards (D:2)
  7 goblins
  3 rats (D:1)
42 creatures vanquished.

Notes
Turn   | Place    | Note
-------+----------+-------------------------------------------
     0 | D:1      | Delamore the Octopode Brigand began the quest for the Orb.
     0 | D:1      | Reached XP level 1. HP: 14/14 MP: 1/1
   142 | D:1      | Found a faded altar of an unknown god.
   151 | D:1      | Reached XP level 2. HP: 19/19 MP: 2/2
   518 | D:1      | Reached XP level 3. HP: 23/24 MP: 3/3
  1177 | D:2      | Reached XP level 4. HP: 14/30 MP: 4/4
  2095 | D:2      | HP: 1/30 [something (2)]
  2095 | D:2      | Slain by an orc

Illustrated notes

Levels and vault maps discovered:
D:1:      dpeg_arrival_pond, layout_rooms, basic_ecumenical_altar
D:2:      layout_loops_ring
D:3:      layout_basic, grunt_ministairs_13

Skill      XL: |  1  2 |
---------------+-------+-----
Short Blades   | 3 |  3.9
Fighting       | |  2.6
Throwing       | |  2.0
Dodging        | |  1.4
Stealth        | |  5.3

Action                   |  1- 3 |  4- 6 || total
-------------------------+-------+-------++-------
Melee: Dagger            |    69 |    24 ||    93
       Tentacles         |     8 |     4 ||    12
       Constrict         |    13 |     6 ||    19
  Use: Scroll            |     4 |     1 ||     5
       Potion            |     1 |     1 ||     2
 Stab: Sleeping          |    11 |     3 ||    14
Armor: Skin              |     5 |     1 ||     6
Dodge: Dodged            |    37 |     8 ||    45
